 Dungeon Crawl Stone Soup version 0.29.0-4-gdea44cf6ec (webtiles) character file.

Game seed: 5456639559015977461

2 qw the Sneak (level 1, -4/14 HPs)
             Began as a Gargoyle Delver on Sept 10, 2022.
             Slain by a gnoll
             ... wielding a +0 club
             ... led by a gnoll bouda
              (6 damage)
             ... on level 5 of the Dungeon.
             The game lasted 00:00:04 (484 turns).

qw the Sneak (Gargoyle Delver)                       Turns: 484, Time: 00:00:05

Health: -4/14      AC:  5    Str: 15    XL:     1   Next: 40%
Magic:  1/1        EV: 11    Int: 10    God:
Gold:   0          SH:  0    Dex: 11    Spells: 0/0 levels left

rFire   . . .      SeeInvis .   a - +0 hand axe
rCold   . . .      Faith    .   (no shield)
rNeg    + . .      Spirit   .   b - +0 leather armour
rPois   inf        Reflect  .   (no helmet)
rElec   +          Harm     .   (no cloak)
rCorr   .          Rampage  .   (no gloves)
Will    .....                   (no boots)
Stlth   +++.......              (no amulet)
HPRegen 0.04/turn               (no ring)
MPRegen 0.07/turn               (no ring)

@: weakened
A: sickness immunity, AC +2, negative energy resistance 1, electricity
resistance, torment resistance 1, petrification resistance
a: no special abilities


You were on level 5 of the Dungeon.
You visited 2 branches of the dungeon, and saw 2 of its levels.


Innate Abilities, Weirdness & Mutations

You are immune to sickness and miasma.
Your stone body is resilient. (AC +2)
You are immune to poison.
You resist negative energy. (rN+)
You are resistant to electric shocks. (rElec)
You are resistant to unholy torment.
You are immune to petrification.


   Skills:
 - Level 3.2 Fighting
 + Level 2.0 Axes
 - Level 1.5 Dodging
 - Level 5.4 Stealth


You couldn't memorise any spells.
You didn't know any spells.
Your spell library was empty.

Inventory:

Hand Weapons
 a - a +0 hand axe (weapon)
Armour
 b - a +0 leather armour (worn)
Wands
 g - a wand of digging (3)
Potions
 f - a potion of haste

Dungeon Overview and Level Annotations

Branches:
Dungeon (5/15)             Temple (1/1) D:5

Altars:
Ashenzari
Dithmenos
Elyvilon
Fedhas
Kikubaaqudgha
Makhleb
Ru
Uskayaw
Vehumet
Xom
Yredelemnul
Zin


Message History

Enter note:
There is a shadowy altar of Dithmenos here.
Found an ancient bone altar of Kikubaaqudgha.
There is an ancient bone altar of Kikubaaqudgha here.
Found a blossoming altar of Fedhas.
Found a white marble altar of Elyvilon.
Done exploring.
410 ||| PLANNING D:1-11 Done exploring.
(D) Dungeon (T) Temple
Where to? (* - list waypoints, Enter - Temple, ? - help)
What level of the Dungeon? (default 5, ? - help)
There is a staircase back to the Dungeon here.
You climb upwards.
There is a staircase to the Ecumenical Temple here.
You open the door. You open the door.
There is an open door here.
A gnoll comes into view. It is wielding a +0 club.
Enter note:
Enter note: The gnoll shouts!
A gnoll comes into view. It is wielding a +0 spear.
A gnoll bouda and 2 gnolls come into view.
A gnoll is wielding a +0 spear of pain.
The gnoll shouts! x2
The gnoll moves out of view.
The gnoll shouts!
The gnoll bouda shouts!
The gnoll hits you from afar with a +0 spear.
You closely miss the gnoll.
The gnoll bouda gazes fiercely through you!
You feel your attacks grow feeble. The gnoll hits you with a +0 club.
The gnoll hits you but does no damage.
You barely miss the gnoll.
The gnoll hits you but does no damage. x2
The gnoll hits you from afar with a +0 spear.
You hit the gnoll.
The gnoll is lightly wounded.
The gnoll hits you with a +0 club.
You die...

#######....# .....
#.....#....# .......
#.....#....# .......
#.....'....# .......
#+#####....#####.......
##....###'#...........#
.......#..#...........#
.......#..#...........#
.......#..#.....@.....#
...P.P.#..#.....g.gg..#
####.######.......g...#
#P#...#P#....######g...#
....>........# ....#
#P#...#P.....# ...+
####.##.#....# ..#
##.P.P..#....+ ..#
........#....#


You could see a gnoll bouda and 4 gnolls.

Vanquished Creatures
  A dart slug (D:5)
1 creature vanquished.

Notes
Turn   | Place    | Note
-------+----------+-------------------------------------------
     0 | D:5      | qw the Gargoyle Delver began the quest for the Orb.
     0 | D:5      | Reached XP level 1. HP: 14/14 MP: 1/1
     0 | D:5      | 0 ||| qw: Version: 0.1-a-117-gfe26ee0
     0 | D:5      | 0 ||| qw: Game counter: 9695
     0 | D:5      | 0 ||| qw: Always use a shield: true
     0 | D:5      | 0 ||| qw: God list: Okawaru
     0 | D:5      | 0 ||| qw: Allow faded altars: false
     0 | D:5      | 0 ||| qw: Do Orc after D:15 true
     0 | D:5      | 0 ||| qw: Do second Lair branch before Depths: true
     0 | D:5      | 0 ||| qw: Lair rune preference: random
     0 | D:5      | 0 ||| qw: Plans: Normal
     0 | D:5      | 0 ||| PLANNING D:1-11
     3 | D:5      | Found a staircase to the Ecumenical Temple.
     4 | D:5      | 4 ||| PLANNING TEMPLE
   100 | D:5      | 100 ||| DROPPING scroll of fog.
   101 | D:5      | 101 ||| DROPPING scroll of magic mapping.
   102 | D:5      | 102 ||| DROPPING scroll of fear.
   109 | Temple   | Entered the Ecumenical Temple
   410 | Temple   | 410 ||| PLANNING D:1-11
   479 | D:5      | Noticed a gnoll bouda
   483 | D:5      | HP: 2/14 [gnoll/+0 spear[a gnoll bouda] (3)]
   484 | D:5      | Slain by a gnoll

Levels and vault maps discovered:
D:5:      layout_gridville, minmay_temple_entry_gardened_gates
Temple:   minmay_temple_forest_path

Skill      XL: |  1 |
---------------+----+-----
Axes           | 2 |  2.0
Fighting       | |  3.2
Dodging        | |  1.5
Stealth        | |  5.4

Action                   || total
-------------------------++-------
Melee: Hand axe          ||     7
 Stab: Sleeping          ||     1
Armor: Leather armour    ||     3
Dodge: Dodged            ||     1

Table legend:
 A = Non-vault XP
 B = Vault XP
 C = Vault XP percentage of total XP
 D = Non-vault monster count
 E = Vault monster count
 F = Vault count percentage of total count
                 A         B        C        D         E       F
            +---------+---------+-------+---------+---------+-------
      Total |       4 |       0 |   0.0 |       1 |       0 |   0.0
            +---------+---------+-------+---------+---------+-------
        D:5 |       4 |       0 |   0.0 |       1 |       0 |   0.0
            +---------+---------+-------+---------+---------+-------
